Map: Lightshade LE

Players

Krystianer - Winner!

  • Race: Protoss Protoss
  • League: Grandmaster
  • Spawn Location: 5:00

Rail

  • Race: Protoss Protoss
  • Spawn Location: 11:00

Event: DreamHack SC2 Masters 2020 Winter

VOD

Have the link to the VOD?

Description

Time

  • Played on: Oct. 16, 2020, 1:22 p.m.
  • Length: 9:17

All games in this series

Show
View Real Time Build Order
Export as new Build Order

Krystianer Protoss - Winner!

Build Orders: Oracle Opening 

Get SALT Encoding   

  12  0:00  Probe  
  13  0:12  Probe  
  14  0:16  Pylon  
  14  0:24  Probe (Chrono Boost)  
  16  0:36  Probe (Chrono Boost)  
  16  0:38  Gateway  
  16  0:42  Probe (Chrono Boost)  
  16  0:46  Assimilator  
  17  0:51  Probe  
  17  0:55  Assimilator  
  18  1:03  Probe (Chrono Boost)  
  19  1:07  Gateway  
  19  1:12  Probe (Chrono Boost)  
  19  1:17  Probe (Chrono Boost)  
  20  1:25  Cybernetics Core  
  21  1:29  Probe  
  22  1:33  Pylon  
  22  1:41  Probe  
  23  1:53  Probe  
  24  2:01  Stalker x2, Warp Gate  
  28  2:10  Pylon  
  28  2:16  Probe  
  29  2:31  Adept x2  
  33  2:41  Stargate  
  33  2:59  Nexus  
  32  3:11  Stalker  
  34  3:21  Stalker, Oracle (Chrono Boost)  
  39  3:29  Pylon  
  38  3:35  Probe  
  35  3:50  Shield Battery  
  35  3:59  Stalker x2  
  35  4:00  Probe (Chrono Boost)  
  40  4:08  Twilight Council  
  40  4:11  Probe (Chrono Boost)  
  40  4:15  Probe (Chrono Boost)  
  42  4:20  Probe (Chrono Boost)  
  42  4:21  Probe (Chrono Boost)  
  44  4:26  Probe (Chrono Boost)  
  45  4:31  Forge  
  45  4:38  Probe (Chrono Boost)  
  46  4:39  Probe (Chrono Boost)  
  46  4:44  Blink  
  47  4:48  Probe (Chrono Boost)  
  47  4:49  Probe (Chrono Boost)  
  49  4:55  Probe  
  49  4:58  Stalker, Probe  
  53  5:02  Protoss Ground Weapons Level 1 (Chrono Boost)  
  53  5:04  Assimilator  
  53  5:08  Probe  
  53  5:11  Probe  
  55  5:20  Probe  
  56  5:25  Gateway x2, Probe  
  57  5:28  Pylon  
  57  5:33  Dark Shrine  
  57  5:34  Probe  
  58  5:40  Probe  
  59  5:47  Probe  
  59  5:49  Stalker, Robotics Facility  
  62  5:52  Probe  
  63  5:57  Stalker  
  65  6:05  Pylon  
  65  6:11  Nexus  
  65  6:16  Pylon  
  65  6:18  Probe  
  65  6:22  Probe  
  67  6:29  Gateway  
  67  6:30  Gateway  
  68  6:40  Probe  
  68  6:44  Gateway  
  68  6:45  Dark Templar x3  
  74  6:50  Probe  
  74  6:52  Stalker  
  78  6:54  Observer  
  78  7:00  Probe (Chrono Boost)  
  80  7:09  Probe (Chrono Boost)  
  80  7:11  Probe (Chrono Boost)  
  82  7:16  Probe (Chrono Boost)  
  82  7:18  Stalker x2  
  82  7:22  Pylon  
  84  7:34  Shield Battery  
  84  7:41  Stalker x3  
  84  7:42  Stalker x2  
  92  7:48  Photon Cannon  
  92  7:49  Photon Cannon  
  92  7:51  Photon Cannon  
  92  7:58  Stalker x2  
  96  8:00  Probe  
  98  8:06  Pylon  
  98  8:08  Probe  
  98  8:14  Shield Battery  
  98  8:20  Warp Prism (Chrono Boost)  
  100  8:33  Assimilator  
  98  8:34  Stalker x2  
  98  8:37  Assimilator, Zealot x3  
  108  8:43  Probe  
  108  8:44  Pylon, Probe  
  110  8:50  Probe  
  110  8:52  Stalker x2  
  115  8:55  Pylon  
  115  9:04  Stalker x2  
  115  9:05  Stalker  
Show
View Real Time Build Order
Export as new Build Order

Rail Protoss 

Build Orders: Blink Stalkers 

Get SALT Encoding   

  12  0:01  Probe  
  13  0:13  Probe  
  14  0:18  Pylon  
  14  0:25  Probe (Chrono Boost)  
  15  0:37  Gateway, Probe (Chrono Boost)  
  16  0:44  Probe (Chrono Boost)  
  16  0:46  Assimilator  
  17  0:51  Probe  
  17  0:55  Assimilator  
  18  1:03  Probe (Chrono Boost)  
  19  1:07  Gateway  
  19  1:13  Probe (Chrono Boost)  
  20  1:18  Probe (Chrono Boost)  
  20  1:24  Cybernetics Core  
  21  1:30  Probe  
  22  1:33  Pylon  
  22  1:42  Probe  
  23  1:54  Probe  
  24  1:58  Warp Gate (Chrono Boost)  
  24  2:00  Stalker x2  
  28  2:06  Pylon  
  28  2:09  Probe  
  29  2:30  Stalker x2  
  33  2:42  Twilight Council  
  32  3:02  Stalker  
  34  3:07  Nexus  
  34  3:16  Probe  
  34  3:18  Blink  
  35  3:27  Pylon  
  35  3:28  Probe  
  36  3:40  Stalker  
  37  3:42  Stalker  
  37  3:48  Probe  
  38  3:55  Robotics Facility  
  38  4:01  Probe  
  39  4:07  Stalker  
  41  4:15  Probe (Chrono Boost)  
  42  4:18  Stalker  
  42  4:22  Probe (Chrono Boost)  
  44  4:28  Probe (Chrono Boost)  
  45  4:33  Probe (Chrono Boost)  
  45  4:35  Probe (Chrono Boost)  
  45  4:38  Stalker  
  49  4:42  Observer, Probe  
  49  4:44  Probe  
  52  4:51  Pylon  
  52  4:54  Probe  
  52  4:56  Probe  
  54  5:06  Probe  
  55  5:08  Pylon, Probe  
  55  5:17  Stalker  
  55  5:18  Stalker  
  55  5:20  Probe (Chrono Boost)  
  60  5:23  Probe (Chrono Boost)  
  60  5:30  Probe (Chrono Boost)  
  60  5:33  Probe (Chrono Boost)  
  60  5:35  Probe (Chrono Boost)  
  62  5:40  Nexus  
  62  5:42  Observer  
  64  5:44  Probe  
  64  5:49  Gateway  
  65  5:53  Gateway  
  65  5:56  Sentry  
  67  5:57  Sentry  
  67  6:03  Gateway  
  69  6:09  Gateway  
  69  6:11  Assimilator  
  69  6:16  Probe x2  
  71  6:22  Immortal  
  75  6:29  Probe  
  75  6:31  Pylon  
  75  6:32  Forge  
  76  6:33  Probe  
  76  6:39  Pylon  
  77  6:42  Probe  
  78  6:49  Probe (Chrono Boost)  
  79  6:54  Protoss Ground Weapons Level 1 (Chrono Boost)  
  79  6:57  Probe (Chrono Boost)  
  79  6:59  Pylon, Probe (Chrono Boost)  
  82  7:01  Probe (Chrono Boost), Sentry x2, Immortal (Chrono Boost)  
  82  7:07  Probe (Chrono Boost)  
  92  7:09  Probe (Chrono Boost)  
  92  7:11  Probe (Chrono Boost)  
  92  7:14  Probe x2 (Chrono Boost)  
  93  7:18  Probe  
  83  7:37  Probe  
  83  7:43  Immortal (Chrono Boost)  
  81  7:44  Stalker  
  81  7:49  Pylon  
  87  7:53  Assimilator  
  87  7:56  Probe  
  87  8:07  Probe  
  88  8:12  Nexus  
  88  8:14  Probe  
  88  8:15  Observer  
  88  8:16  Pylon  
  88  8:19  Robotics Bay  
  91  8:20  Probe  
  88  8:31  Probe  
  88  8:33  Probe  
  89  8:36  Observer, Shield Battery  
  90  8:44  Probe  
  90  8:46  Stalker x2  
  90  8:47  Probe  
  96  8:51  Photon Cannon  
  96  8:56  Probe  
Tags
 
Add a new tag
Caveats
  • Supply blocks, unpowered buildings, or Contaminate may cause inaccurate times.
  • Supply counts are checked every 10 seconds.